 Dungeon Sprint DCSS version 0.24.0-125-gc4c63601f3 (webtiles) character file.

Game seed: 1553399076023629562, levelgen mode: deterministic

3100000 Ponchio the Conqueror (level 24, -68/249 HPs)
             Began as a Hill Orc Berserker on Mar 4, 2020.
             Annihilated by a large bag of meat
             ... wielding a +9 giant spiked club
              (88 damage)
             ... in the Dungeon (Sprint VIII: "Arena of Blood").
             The game lasted 00:05:14 (31 turns).

Ponchio the Conqueror (Hill Orc Berserker)            Turns: 31, Time: 00:05:16

Health: -68/249    AC:  4    Str: 23    XL:     24   Next: 49%
Magic:  21/54      EV: 34    Int:  7    God:
Gold:   0          SH:  0    Dex: 18    Spells: 77/77 levels left

rFire    . . .     SeeInvis .   j - +∞ Axe of Woe
rCold    . . .     Gourm    .   (shield currently unavailable)
rNeg     . . .     Faith    .   b - +0 animal skin
rPois    .         Spirit   .   (no helmet)
rElec    .         Reflect  .   (no cloak)
rCorr    .         Harm     .   (no gloves)
MR       +....     NoTele   +   (no boots)
Stlth    +++++++++.             (no amulet)
HPRegen  0.51/turn              (no ring)
MPRegen  0.34/turn              (no ring)

@: no status effects
A: no striking features
a: no special abilities


You were in the Dungeon.
You were not hungry.

You visited 1 branch

Inventory:

Hand Weapons
 a - a +0 short sword
 j - the +∞ Axe of Woe (weapon)
   (You found it in the Dungeon)
Armour
 b - a +0 animal skin (worn)
Scrolls
 i - a scroll of blinking
Potions
 d - a potion of curing
 f - a potion of haste
 g - 2 potions of magic
 h - a potion of berserk rage
Comestibles
 c - a ration


   Skills:
 O Level 27 Fighting
 O Level 27 Short Blades
 O Level 27 Axes
 O Level 27 Throwing
 O Level 27 Armour
 O Level 27 Dodging
 O Level 27 Stealth
 O Level 27 Unarmed Combat
 O Level 27 Spellcasting


You had 77 spell levels left.
You didn't know any spells.
Your spell library was empty.

Dungeon Overview and Level Annotations

Branches:
Dungeon (1/1)

Altars:
Makhleb


Message History

You are engulfed in blazing flames.
* * * LOW HITPOINT WARNING * * *
You hear a shout! x5
A bag of meat comes into view. It is wielding a +9 war axe.
You hear a shout! x3
The bag of meat is engulfed in blazing flames.
The bag of meat hits you with a +9 war axe!
* * * LOW HITPOINT WARNING * * *
You hear a shout! x2
You are too injured to fight recklessly!
Unknown command.
You are too injured to fight recklessly!
Are you sure you want to leave the Dungeon?
This will make you lose the game!
The destroyer appears out of thin air!
You are engulfed in blazing flames.
* * * LOW HITPOINT WARNING * * *
You hear a shout! x10
The destroyer blinks!
The large bag of meat is engulfed in blazing flames.
The large bag of meat hits you with a +9 giant spiked club!!!!
You die...

D. .. #. .# #o.
..# .###VO
..###.
....z.###...V..
.§..§§§....
#O§)§.# #_)@§_#
#.§oO.#
....§_o....
......###.o....
.###.o ..###.
#.. ..# #. .#
.. ..


You could see an eight-headed meat hydra (wandering), 2 destroyers, a sculptor
of flesh (wandering), 3 large bags of meat and 5 bags of meat.

Vanquished Creatures
  A vampire knight (D)
  12 ogres (D)
  2 two-headed ogres (D)
  17 orcs (D)
32 creatures vanquished.

Notes
Turn   | Place    | Note
-------+----------+-------------------------------------------
     0 | D        | Found the +∞ Axe of Woe
     0 | D        | Ponchio the Hill Orc Berserker began the quest for the Orb.
     0 | D        | Reached XP level 1. HP: 19/19 MP: 1/1
     2 | D        | Noticed a bag of meat
     2 | D        | Noticed a bag of meat
     3 | D        | Noticed a meat berserker
     3 | D        | Noticed a bag of meat
     4 | D        | Killed a bag of meat
     4 | D        | Reached XP level 2. HP: 61/61 MP: 2/2
     4 | D        | Reached XP level 3. HP: 68/68 MP: 3/3
     4 | D        | Reached XP level 4. HP: 77/77 MP: 4/4
     4 | D        | Reached XP level 5. HP: 84/84 MP: 5/5
     4 | D        | Reached XP level 6. HP: 92/92 MP: 6/6
     4 | D        | Reached XP level 7. HP: 100/100 MP: 7/7
     4 | D        | Reached XP level 8. HP: 107/107 MP: 8/8
     4 | D        | Reached XP level 9. HP: 115/115 MP: 9/9
     4 | D        | Reached XP level 10. HP: 124/124 MP: 10/10
     4 | D        | Reached XP level 11. HP: 130/130 MP: 11/11
     4 | D        | Reached XP level 12. HP: 139/139 MP: 12/12
     4 | D        | Noticed a meat berserker
     4 | D        | Noticed a bag of meat
     4 | D        | Noticed a bag of meat
     4 | D        | Noticed a bag of meat
     4 | D        | Noticed a bag of meat
     4 | D        | Noticed a bag of meat
     6 | D        | Killed a meat berserker
     6 | D        | Reached ** piety under Trog
     6 | D        | Reached XP level 13. HP: 156/156 MP: 13/13
     6 | D        | Reached XP level 14. HP: 165/165 MP: 14/14
     6 | D        | Noticed a meat berserker
     6 | D        | Noticed a meat berserker
     7 | D        | Killed a bag of meat
     7 | D        | Reached skill level 27 in Fighting
     7 | D        | Noticed a meat berserker
     7 | D        | Noticed a bag of meat
     8 | D        | Killed a meat berserker
     8 | D        | Reached XP level 15. HP: 174/174 MP: 15/15
     8 | D        | Noticed a meat berserker
     9 | D        | Killed a meat berserker
     9 | D        | Reached *** piety under Trog
     9 | D        | Reached skill level 27 in Axes
     9 | D        | Reached XP level 16. HP: 183/183 MP: 16/16
     9 | D        | Reached skill level 27 in Dodging
     9 | D        | Reached skill level 5 in Stealth
    10 | D        | Killed a meat berserker
    10 | D        | Reached skill level 10 in Spellcasting
    10 | D        | Reached XP level 17. HP: 191/191 MP: 16/31
    10 | D        | Fell from the grace of Trog
    10 | D        | Reached skill level 15 in Stealth
    10 | D        | Reached XP level 18. HP: 200/200 MP: 16/35
    13 | D        | Noticed a meat berserker
    13 | D        | Killed a meat berserker
    13 | D        | Reached XP level 19. HP: 195/207 MP: 16/41
    14 | D        | Killed a meat berserker
    14 | D        | Noticed a meat berserker
    15 | D        | Noticed a meat berserker
    16 | D        | Reached skill level 27 in Armour
    17 | D        | Reached XP level 20. HP: 205/216 MP: 17/46
    18 | D        | Killed a meat berserker
    18 | D        | Reached skill level 27 in Stealth
    19 | D        | Noticed a meat berserker
    19 | D        | Noticed a meat berserker
    19 | D        | Noticed a large bag of meat
    20 | D        | Killed a meat berserker
    20 | D        | Reached skill level 27 in Spellcasting
    20 | D        | Reached skill level 5 in Unarmed Combat
    20 | D        | Reached XP level 21. HP: 214/224 MP: 18/52
    20 | D        | Reached skill level 10 in Short Blades
    21 | D        | Killed a meat berserker
    21 | D        | Reached skill level 15 in Short Blades
    21 | D        | Noticed a large bag of meat
    22 | D        | Reached skill level 15 in Throwing
    22 | D        | Noticed a meat berserker
    23 | D        | Reached XP level 22. HP: 223/233 MP: 19/53
    23 | D        | Noticed a large bag of meat
    24 | D        | Killed a large bag of meat
    24 | D        | Noticed a destroyer
    24 | D        | Noticed a large bag of meat
    26 | D        | Reached skill level 27 in Unarmed Combat
    26 | D        | Reached XP level 23. HP: 152/240 MP: 19/54
    27 | D        | Noticed a destroyer
    27 | D        | Noticed a large bag of meat
    28 | D        | Reached skill level 27 in Short Blades
    28 | D        | Reached skill level 27 in Throwing
    29 | D        | Killed a destroyer
    29 | D        | Reached XP level 24. HP: 88/249 MP: 20/54
    29 | D        | Killed a large bag of meat
    31 | D        | Annihilated by a large bag of meat

Levels and vault maps discovered:
D:        meatsprint

Skill      XL: |  1  2  3  4  5  6  7  8  9 10 11 12 13 14 15 16 17 18 19 20 21 22 23 |
---------------+----------------------------------------------------------------------+-----
Fighting       | 22 26 27 | 27.0
Dodging        | 16 19 23 26 27 | 27.0
Axes           | 17 25 27 | 27.0
Armour         | 14 18 23 27 | 27.0
Stealth        | 12 15 20 25 27 | 27.0
Spellcasting   | 10 13 18 22 27 | 27.0
Short Blades   | 6 20 25 27 | 27.0
Throwing       | 4 18 23 27 | 27.0
Unarmed Combat | 5 21 27 | 27.0

Action                   |  1- 3 |  4- 6 |  7- 9 | 10-12 | 13-15 | 16-18 | 19-21 | 22-24 || total
-------------------------+-------+-------+-------+-------+-------+-------+-------+-------++-------
Melee: Executioner's axe |     1 |       |       |     1 |     3 |     3 |     8 |     5 ||    21
  Use: Potion            |       |       |       |       |       |       |       |     1 ||     1
Dodge: Dodged            |       |       |       |       |       |       |     1 |     1 ||     2
